 Dungeon Crawl Stone Soup version 0.31-a0-267-g3fc6992b3b (webtiles) character file.

Game seed: 17377369608707113402

870 qw the Skirmisher (level 7, -14/61 HPs)
             Began as a Minotaur Hexslinger on July 14, 2023.
             Demolished by a two-headed ogre
             ... wielding a +0 giant club
              (16 damage)
             ... on level 5 of the Dungeon.
             The game lasted 00:01:56 (4798 turns).

qw the Skirmisher (Minotaur Hexslinger)             Turns: 4798, Time: 00:01:57

Health: -14/61     AC:  6    Str: 13    XL:     7   Next: 73%
Magic:  7/7        EV: 11    Int: 10    God:
Gold:   129        SH:  0    Dex: 14    Spells: 7/8 levels left

rFire   . . .        Y - +0 orcbow
rCold   . . .        (shield currently unavailable)
rNeg    . . .        h - +0 ring mail
rPois   +            (helmet restricted)
rElec   .            (no cloak)
rCorr   +            m - +0 pair of gloves
SInv    .            (no boots)
Will    .....        (no amulet)
Stlth   +            f - +4 ring of slaying {mikee}
HPRegen 0.30/turn    b - ring of resist corrosion
MPRegen 0.10/turn

%: no passive effects
@: no status effects
A: horns 2, retaliatory headbutt, poison resistance, wild magic 1
a: no special abilities


You were on level 5 of the Dungeon.
You visited 1 branch of the dungeon, and saw 5 of its levels.

You collected 129 gold pieces.


Innate Abilities, Weirdness & Mutations

You have a pair of horns on your head.
You reflexively headbutt those who attack you in melee.
Your system is resistant to poisons. (rPois)
Your spells are a little harder to cast, but a little more powerful.


   Skills:
 - Level 5.5 Fighting
 + Level 8.2 Ranged Weapons
 - Level 2.0 Armour
 - Level 2.1 Dodging
 - Level 1.0 Spellcasting
 - Level 2.0 Hexes


You had 7 spell levels left.
You knew the following spells:

 Your Spells              Type           Power      Damage    Failure   Level
a - Slow                  Hex            20%        N/A       41%         1

Your spell library contained the following spells:

 Spells                   Type           Power      Damage    Failure   Level
 Inner Flame              Hex/Fire       3%         N/A       87%         3
 Portal Projectile        Hex/Tloc       6%         N/A       87%         3
 Cause Fear               Hex            2%         N/A       98%         4

Inventory:

Hand Weapons
 Y - a +0 orcbow (weapon)
Armour
 h - a +0 ring mail (worn)
 m - a +0 pair of gloves (worn)
Jewellery
 b - a ring of resist corrosion (right hand)
 f - a +4 ring of slaying (left hand) {mikee}
 g - a ring of positive energy
Scrolls
 i - a scroll of identify
 k - a scroll of acquirement {unknown}
Potions
 a - a potion of might {unknown}
 c - a potion of lignification {unknown}
 d - a potion of mutation
 e - a potion of curing
 j - a potion of enlightenment {unknown}

Dungeon Overview and Level Annotations

Branches:
Dungeon (5/15)
 Temple: D:4-7

Altars:
Fedhas

Annotations:
D:2 1 runed translucent door, Crazy Yiuf


Message History

The centaur wields a +0 orcbow.
The centaur shoots an arrow.
The arrow hits you!
A two-headed ogre comes into view. It is wielding two +0 giant clubs.
You hear a shout!
You shoot an arrow. The two-headed ogre shouts in stereo!
The arrow hits the two-headed ogre.
The two-headed ogre is lightly wounded.
The centaur shoots an arrow.
The arrow closely misses you.
A gnoll comes into view. It is wielding a +0 halberd.
4790 ||| FLEEEEING.
4791 ||| FLEEEEING.
You shoot an arrow.
The arrow barely misses the two-headed ogre.
The centaur shoots an arrow.
The arrow closely misses you.
The centaur shoots an arrow.
The arrow misses you.
You shoot an arrow. The arrow hits the two-headed ogre.
The two-headed ogre is lightly wounded.
The centaur shoots an arrow.
The arrow closely misses you.
You shoot an arrow. The arrow hits the two-headed ogre.
The two-headed ogre is lightly wounded.
A sleepcap comes into view.
A hound comes into view.
You shoot an arrow.
The arrow closely misses the two-headed ogre.
The arrow hits the centaur!
The centaur is moderately wounded.
The two-headed ogre barely misses you.
The two-headed ogre hits you with a +0 giant club!!
You shoot an arrow.
The arrow hits the two-headed ogre but does no damage.
The two-headed ogre is lightly wounded.
You shoot an arrow. The arrow hits the two-headed ogre!
The two-headed ogre is moderately wounded.
The two-headed ogre closely misses you. You furiously retaliate!
You headbutt the two-headed ogre!
The two-headed ogre completely misses you.
You shoot an arrow. The arrow hits the two-headed ogre!
The two-headed ogre is severely wounded.
The two-headed ogre hits you with a +0 giant club!!
The two-headed ogre hits you with a +0 giant club!
You die...

... ..# . .. ...
..###.### #.###
........#.....#
...##
........#..}..#
.....
#....g.h..}}}..
#... #fc# .# ...
##O# .. #.
#@###.### .
######........ #
##...........##
#
##............#
.....
#...............
...##
#...............
. ..
#...>...........
###
#...............
.
#...............
..


You could see a two-headed ogre, a sleepcap, a centaur, a hound and a gnoll.

Vanquished Creatures
  Duvessa (D:4)
  An ice beast (D:4)
  An ogre (D:4)
  A phantom (D:4)
  Dowan (D:4)
  A howler monkey (D:4)
  3 hounds
  A jelly (D:4)
  An orc priest (D:3)
  An iguana (D:4)
  An orc wizard (D:3)
  Terence (D:2)
  Robin (D:4)
  4 adders
  A white imp (D:3)
  An ufetubus (D:4)
  6 worms
  5 dart slugs
  11 orcs
  3 bats
  8 endoplasms
  2 giant cockroaches (D:4)
  11 goblins
  14 hobgoblins
  5 jackals
  2 quokkas
  6 ball pythons
  3 frilled lizards
  13 kobolds
  7 rats
117 creatures vanquished.

Notes
Turn   | Place    | Note
-------+----------+-------------------------------------------
     0 | D:1      | qw the Minotaur Hexslinger began the quest for the Orb.
     0 | D:1      | Reached XP level 1. HP: 16/16 MP: 1/1
     0 | D:1      | 0 ||| qw: Version: 0.3-a-52-g30416fa
     0 | D:1      | 0 ||| qw: Game counter: 7889
     0 | D:1      | 0 ||| qw: Melee chars always use a shield: true
     0 | D:1      | 0 ||| qw: God list: Okawaru
     0 | D:1      | 0 ||| qw: Allow faded altars: false
     0 | D:1      | 0 ||| qw: Do Orc after clearing Dungeon:15 true
     0 | D:1      | 0 ||| qw: Do second Lair branch before Depths: true
     0 | D:1      | 0 ||| qw: Lair rune preference: random
     0 | D:1      | 0 ||| qw: Goals: Normal
     0 | D:1      | 0 ||| PLANNING D:1-11
   142 | D:1      | 142 ||| UPGRADING to ring of resist corrosion.
   143 | D:1      | 143 ||| DROPPING scroll of poison.
   196 | D:2      | 196 ||| FLEEEEING.
   206 | D:2      | 206 ||| UPGRADING to ring of positive energy.
   215 | D:2      | 215 ||| STAIRDANCE
   219 | D:2      | 219 ||| STAIRDANCE
   223 | D:2      | 223 ||| STAIRDANCE
   227 | D:2      | 227 ||| STAIRDANCE
   231 | D:2      | 231 ||| STAIRDANCE
   235 | D:2      | 235 ||| STAIRDANCE
   239 | D:2      | 239 ||| STAIRDANCE
   243 | D:2      | 243 ||| STAIRDANCE
   247 | D:2      | 247 ||| STAIRDANCE
   251 | D:2      | 251 ||| STAIRDANCE
   255 | D:2      | 255 ||| STAIRDANCE
   259 | D:2      | 259 ||| STAIRDANCE
   263 | D:2      | 263 ||| STAIRDANCE
   267 | D:2      | 267 ||| STAIRDANCE
   271 | D:2      | 271 ||| STAIRDANCE
   275 | D:2      | 275 ||| STAIRDANCE
   279 | D:2      | 279 ||| STAIRDANCE
   283 | D:2      | 283 ||| STAIRDANCE
   287 | D:2      | 287 ||| STAIRDANCE
   291 | D:2      | 291 ||| STAIRDANCE
   313 | D:2      | 313 ||| FLEEEEING.
   333 | D:2      | 333 ||| FLEEEEING.
   338 | D:2      | 338 ||| FLEEEEING.
   339 | D:2      | 339 ||| FLEEEEING.
   340 | D:2      | 340 ||| FLEEEEING.
   346 | D:2      | 346 ||| FLEEEEING.
   347 | D:2      | 347 ||| FLEEEEING.
   348 | D:2      | 348 ||| FLEEEEING.
   350 | D:2      | 350 ||| FLEEEEING.
   428 | D:1      | Reached skill level 3 in Ranged Weapons
   434 | D:1      | Reached XP level 2. HP: 23/23 MP: 2/2
   996 | D:1      | 996 ||| UPGRADING to +4 ring of slaying {mikee}.
   998 | D:1      | 998 ||| UPGRADING to ring of resist corrosion.
  1000 | D:1      | 1000 ||| READING scroll labelled XUHUISITOZO.
  1001 | D:1      | 1001 ||| READING scroll labelled SAHERUSTROOTY.
  1113 | D:2      | Reached XP level 3. HP: 29/29 MP: 3/3
  1490 | D:2      | Reached skill level 4 in Ranged Weapons
  1671 | D:2      | 1671 ||| SWAPPING to +0 orcbow.
  1672 | D:2      | 1672 ||| DROPPING +1 sling.
  1698 | D:2      | Found a runed translucent door.
  1699 | D:2      | Noticed Crazy Yiuf
  1846 | D:2      | Noticed Terence
  1853 | D:2      | Killed Terence
  1854 | D:2      | Reached XP level 4. HP: 27/36 MP: 4/4
  1939 | D:2      | 1939 ||| UPGRADING to +0 leather armour.
  1949 | D:2      | 1949 ||| DROPPING +0 robe.
  1950 | D:2      | 1950 ||| UPGRADING to +0 ring mail.
  1960 | D:2      | 1960 ||| DROPPING +0 leather armour.
  1961 | D:2      | 1961 ||| UPGRADING to +0 pair of gloves.
  1966 | D:2      | 1966 ||| READING scroll labelled RAG WUNY JOUVVUTYPT.
  1967 | D:2      | 1967 ||| READING scroll labelled MUFACE JENN.
  1968 | D:2      | 1968 ||| DRINKING 2 metallic brown potions.
  1968 | D:2      | Gained mutation: Your system is resistant to poisons.
                  | (rPois) [potion of mutation]
  1968 | D:2      | Gained mutation: Your spells are a little harder to cast,
                  | but a little more powerful. [potion of mutation]
  2152 | D:3      | 2152 ||| FLEEEEING.
  2347 | D:3      | Reached skill level 5 in Ranged Weapons
  2347 | D:3      | Reached XP level 5. HP: 12/41 MP: 5/5
  2584 | D:3      | Found a faded altar of an unknown god.
  2694 | D:3      | Found a blossoming altar of Fedhas.
  2805 | D:3      | Reached skill level 3 in Fighting
  2912 | D:3      | 2912 ||| READING scroll labelled KIOCVI VEXECYD.
  2916 | D:3      | 2916 ||| DRINKING 2 white potions.
  3014 | D:4      | Noticed an ice beast
  3021 | D:4      | Killed an ice beast
  3022 | D:4      | Reached skill level 6 in Ranged Weapons
  3022 | D:4      | Reached XP level 6. HP: 51/51 MP: 6/6
  3253 | D:4      | Noticed Robin
  3267 | D:4      | Killed Robin
  3407 | D:4      | Noticed Dowan
  3409 | D:4      | Noticed Duvessa
  3414 | D:4      | 3414 ||| FLEEEEING.
  3415 | D:4      | 3415 ||| FLEEEEING.
  3416 | D:4      | 3416 ||| FLEEEEING.
  3417 | D:4      | 3417 ||| FLEEEEING.
  3418 | D:4      | 3418 ||| FLEEEEING.
  3419 | D:4      | 3419 ||| FLEEEEING.
  3420 | D:4      | 3420 ||| FLEEEEING.
  3421 | D:4      | 3421 ||| FLEEEEING.
  3422 | D:4      | 3422 ||| FLEEEEING.
  3423 | D:4      | 3423 ||| FLEEEEING.
  3424 | D:4      | 3424 ||| FLEEEEING.
  3425 | D:4      | 3425 ||| FLEEEEING.
  3426 | D:4      | 3426 ||| FLEEEEING.
  3427 | D:4      | 3427 ||| FLEEEEING.
  3428 | D:4      | 3428 ||| FLEEEEING.
  3429 | D:4      | 3429 ||| FLEEEEING.
  3430 | D:4      | 3430 ||| FLEEEEING.
  3431 | D:4      | 3431 ||| STAIRDANCE
  3486 | D:4      | 3486 ||| STAIRDANCE
  3528 | D:4      | 3528 ||| STAIRDANCE
  3566 | D:4      | 3566 ||| STAIRDANCE
  3619 | D:4      | 3619 ||| STAIRDANCE
  3650 | D:4      | 3650 ||| STAIRDANCE
  3704 | D:4      | 3704 ||| STAIRDANCE
  3836 | D:4      | Killed Duvessa
  3840 | D:4      | Killed Dowan
  3841 | D:4      | Reached skill level 7 in Ranged Weapons
  4013 | D:4      | 4013 ||| FLEEEEING.
  4015 | D:4      | 4015 ||| FLEEEEING.
  4016 | D:4      | 4016 ||| FLEEEEING.
  4018 | D:4      | 4018 ||| FLEEEEING.
  4019 | D:4      | 4019 ||| FLEEEEING.
  4020 | D:4      | 4020 ||| FLEEEEING.
  4021 | D:4      | 4021 ||| FLEEEEING.
  4022 | D:4      | 4022 ||| FLEEEEING.
  4023 | D:4      | 4023 ||| FLEEEEING.
  4024 | D:4      | 4024 ||| FLEEEEING.
  4025 | D:4      | 4025 ||| FLEEEEING.
  4026 | D:4      | 4026 ||| FLEEEEING.
  4027 | D:4      | 4027 ||| FLEEEEING.
  4028 | D:4      | 4028 ||| FLEEEEING.
  4029 | D:4      | 4029 ||| FLEEEEING.
  4030 | D:4      | 4030 ||| FLEEEEING.
  4031 | D:4      | 4031 ||| FLEEEEING.
  4032 | D:4      | 4032 ||| FLEEEEING.
  4033 | D:4      | 4033 ||| FLEEEEING.
  4034 | D:4      | 4034 ||| FLEEEEING.
  4035 | D:4      | 4035 ||| FLEEEEING.
  4036 | D:4      | 4036 ||| FLEEEEING.
  4037 | D:4      | 4037 ||| FLEEEEING.
  4038 | D:4      | 4038 ||| FLEEEEING.
  4039 | D:4      | 4039 ||| FLEEEEING.
  4040 | D:4      | 4040 ||| FLEEEEING.
  4041 | D:4      | 4041 ||| FLEEEEING.
  4042 | D:4      | 4042 ||| STAIRDANCE
  4065 | D:3      | 4065 ||| DROPPING ring of flight.
  4133 | D:4      | Reached XP level 7. HP: 59/59 MP: 7/7
  4317 | D:4      | Reached skill level 8 in Ranged Weapons
  4458 | D:4      | 4458 ||| READING scroll labelled YVVOOQOENG.
  4560 | D:5      | Entered Level 5 of the Dungeon
  4561 | D:5      | 4561 ||| PLANNING SEWER
  4562 | D:5      | 4562 ||| STAIRDANCE
  4567 | D:4      | HP: 6/60 [ogre/+0 giant club (14)]
  4568 | D:4      | 4568 ||| READING scroll of teleportation.
  4788 | D:5      | Noticed a two-headed ogre
  4790 | D:5      | 4790 ||| FLEEEEING.
  4791 | D:5      | 4791 ||| FLEEEEING.
  4798 | D:5      | HP: 2/61 [two-headed ogre/+0 giant club (28)]
  4798 | D:5      | Demolished by a two-headed ogre

Levels and vault maps discovered:
D:1:      dpeg_arrival_water_fire, layout_loops_ring, minmay_hedge_maze,
          grunt_decor_mini_mirrors
D:2:      layout_loops_corners, st_stairs_13, minmay_misc_feat_x,
          minmay_statues_item, minmay_split_cup_small, uniq_crazy_yiuf_cottage,
          uniq_terence
D:3:      layout_basic, fedhas_altar_2,
          shapermc_ecumenical_altar_mp_urbaneastern
D:4:      minmay_bubble_buster, layout_basic, minivault_14, uniq_robin,
          uniq_duvessa
D:5:      layout_rooms, zin_statuary, lightli_sewer_entry_pipes,
          minmay_chambers_of_fives, uniq_edmund, uniq_blork_the_orc

Skill      XL: |  1  2  3  4  5  6  7 |
---------------+----------------------+-----
Ranged Weapons | 3 4 5 6 7 8 |  8.2
Fighting       | 2 3 4 5 |  5.5
Armour         | 2 |  2.0
Dodging        | |  2.1
Spellcasting   | |  1.0
Hexes          | |  2.0

Action                     |  1- 3 |  4- 6 |  7- 9 || total
---------------------------+-------+-------+-------++-------
   Fire: Sling             |   103 |       |       ||   103
         Orcbow            |     7 |   167 |    63 ||   237
    Use: Scroll            |     2 |     3 |     2 ||     7
         Potion            |       |     2 |       ||     2
 Armour: Robe              |     9 |       |       ||     9
         Ring mail         |       |    37 |    12 ||    49
         Skin              |       |    12 |       ||    12
  Dodge: Dodged            |    24 |    44 |    27 ||    95

Table legend:
 A = Non-vault XP
 B = Vault XP
 C = Vault XP percentage of total XP
 D = Non-vault monster count
 E = Vault monster count
 F = Vault count percentage of total count
                 A         B        C        D         E       F
            +---------+---------+-------+---------+---------+-------
      Total |     644 |     599 |  48.2 |      81 |      36 |  30.8
            +---------+---------+-------+---------+---------+-------
        D:1 |      33 |       0 |   0.0 |      19 |       0 |   0.0
        D:2 |      33 |      57 |  63.3 |      18 |       5 |  21.7
        D:3 |     151 |       0 |   0.0 |      20 |       0 |   0.0
        D:4 |     378 |     542 |  58.9 |      22 |      31 |  58.5
        D:5 |      49 |       0 |   0.0 |       2 |       0 |   0.0
            +---------+---------+-------+---------+---------+-------
